 Dungeon Crawl Stone Soup version 0.18-a0-1243-g9e52518 (webtiles) character file.

56 namelastname112 the Cudgeler (level 3, -2/30 HPs)
             Began as a Draconian Skald on Feb 5, 2016.
             Slain by an orc
             ... wielding a +4 hand axe
              (9 damage)
             ... on level 3 of the Dungeon.
             The game lasted 00:02:21 (2008 turns).

namelastname112 the Cudgeler (Draconian Skald)      Turns: 2008, Time: 00:02:21

Health: -2/30      AC:  5    Str: 14    XL:     3   Next: 69%
Magic:  6/6        EV: 12    Int: 12    God:
Gold:   125        SH:  0    Dex: 11    Spells: 1 memorised, 5 levels left

rFire  . . .     SeeInvis .     a - +0 mace
rCold  . . .     Gourm    .     (armour unavailable)
rNeg   . . .     Faith    .     (no shield)
rPois  .         Spirit   .     (helmet restricted)
rElec  .         Dismiss  .     (no cloak)
rCorr  .         Reflect  .     (no gloves)
SustAt .         Harm     .     (no boots)
MR     +....                    (no amulet)
Stlth  +.........               (no ring)
                                g - ring of protection from magic

@: flying, very slightly contaminated, hasted, very quick, somewhat resistant to
hostile enchantments, very unstealthy
A: unfitting armour, cold-blooded, AC +5
a: no special abilities


You were on level 3 of the Dungeon.
You were hungry.

You visited 1 branch of the dungeon, and saw 3 of its levels.

You collected 125 gold pieces.

Inventory:

Hand Weapons
 a - a +0 mace (weapon)
Jewellery
 g - a ring of protection from magic (left hand)
Scrolls
 d - a scroll of amnesia {unknown}
 e - 2 scrolls of remove curse {unknown}
 h - 3 scrolls of identify {unknown}
 l - a scroll of teleportation {unknown}
 m - a scroll of magic mapping {unknown}
 o - a scroll of fog {unknown}
Potions
 k - a potion of poison {unknown}
Books
 b - a book of Battle

   Spells                             Type                      Level
   a - Infusion                       Charms                       1
   b - Shroud of Golubria             Charms/Translocation         2
   c - Song of Slaying                Charms                       2
   d - Spectral Weapon                Hexes/Charms                 3
   e - Regeneration                   Charms/Necromancy            3
Comestibles
 c - a bread ration
 f - a fruit


   Skills:
 + Level 2.5 Fighting
 * Level 3.0 Maces & Flails
 + Level 2.0 Dodging
 + Level 2.1 Spellcasting
 + Level 3.0 Charms


You had 5 spell levels left.
You knew the following spells:

 Your Spells              Type           Power        Failure   Level  Hunger
a - Infusion              Chrm           #...         10%         1    ##.....


Dungeon Overview and Level Annotations

Branches:
Dungeon (3/15)

Altars:
Dithmenos
Sif Muna


Innate Abilities, Weirdness & Mutations

Your plain brown scales are hard (AC +5).
Your body does not fit into most forms of armour.
You are cold-blooded and may be slowed by cold attacks.


Message History

Ouch! That really hurt!
* * * LOW HITPOINT WARNING * * *
A worker ant comes into view.
Read which item? (? for menu, Esc to quit)
Okay, then.
Drink which item? (? for menu, Esc to quit)
It was a potion of flight.
You feel very buoyant.
You fly up into the air.
The orc shouts!
The orc priest closely misses you.
Drink which item? (? for menu, Esc to quit)
It was a potion of haste.
You feel yourself speed up. The orc hits you.
* * * LOW HITPOINT WARNING * * *
You are very lightly contaminated with residual magic.
Drink which item? (? for menu, Esc to quit)
It was a potion of curing.
You feel better. The orc hits you but does no damage.
The orc priest barely misses you.
The orc hits you with an enchanted hand axe!
You die...

.###......# #..# ..##
..##..#...## #..## #..#
............. .... ...
...#####.#...####..## ..
...#####.###.(..(...#..#
...........##......oa..#
########(#.###.....o.#
##...##...oo.#
######.........@o.#.#.
#......#.#............#
#......#.####........##
#......#...........#...
#.........###........##
#........### #.....#.o.
........## ########...
##......# ... #......#


You could see a worker ant, 2 orc priests and 4 orcs.

Vanquished Creatures
  An ooze (D:1)
  4 giant geckos
  9 giant cockroaches
  6 goblins
  4 hobgoblins (D:1)
  2 quokkas (D:2)
  5 bats
  2 giant newts
  5 kobolds
  6 rats
44 creatures vanquished.

Notes
Turn   | Place    | Note
--------------------------------------------------------------
     0 | D:1      | namelastname112 the Draconian Skald began the quest for the Orb.
     0 | D:1      | Reached XP level 1. HP: 17/17 MP: 3/3
   100 | D:1      | Reached XP level 2. HP: 13/25 MP: 5/5
   898 | D:1      | Reached XP level 3. HP: 30/30 MP: 6/6
  1126 | D:2      | Reached skill level 3 in Maces & Flails
  1678 | D:2      | Found a deep blue altar of Sif Muna.
  1978 | D:3      | Found a shadowy altar of Dithmenos.
  2008 | D:3      | Slain by an orc

Vault maps used:
D:1:      minmay_arrival_plants_in_alcoves
D:2:      minmay_door_path, led_sif_pool, minivault_26
D:3:      nicolae_dithmenos_shadow_blocks

Action                   || total
-------------------------++-------
Melee: Mace              ||   145
  Use: Potion            ||     3
 Stab: Sleeping          ||     1
  Eat: Fruit             ||     2
       Chunk             ||     1
